 Dungeon Crawl Stone Soup version 0.24.0-123-gd5b16e6ec5 (webtiles) character file.

Game seed: 3955294285153733339, levelgen mode: deterministic

2282 Elellon the Cleaver (level 9, -1/77 HPs)
             Began as a Hill Orc Fighter on Jan 20, 2020.
             Was a Believer of Okawaru.
             Slain by an unseen horror (5 damage)
             ... on level 7 of the Dungeon.
             The game lasted 00:11:07 (6962 turns).

Elellon the Cleaver (Hill Orc Fighter)              Turns: 6962, Time: 00:11:08

Health: -1/77      AC: 11    Str: 22    XL:     9   Next: 39%
Magic:  9/9        EV:  6    Int:  8    God:    Okawaru [**....]
Gold:   468        SH: 10    Dex: 10    Spells: 8/8 levels left

rFire    . . .     SeeInvis .   a - +1 war axe
rCold    . . .     Gourm    .   c - +0 shield
rNeg     . . .     Faith    .   k - +0 chain mail
rPois    .         Spirit   .   i - +0 helmet
rElec    .         Reflect  .   (no cloak)
rCorr    .         Harm     .   (no gloves)
MR       .....                  (no boots)
Stlth    ..........             (no amulet)
HPRegen  0.22/turn              (no ring)
MPRegen  0.11/turn              (no ring)

@: no status effects
A: no striking features
a: Heroism, Renounce Religion


You were on level 7 of the Dungeon.
You worshipped Okawaru.
Okawaru was pleased with you.
You were not hungry.

You visited 2 branches of the dungeon, and saw 8 of its levels.
You also visited: Sewer.

You collected 468 gold pieces.

Inventory:

Hand Weapons
 a - a +1 war axe (weapon)
 y - a +2 flail of protection
Armour
 c - a +0 shield (worn)
 i - a +0 helmet (worn)
 k - a +0 chain mail (worn)
Jewellery
 s - an uncursed amulet of the acrobat {unknown}
Wands
 m - a wand of digging (8)
 n - a wand of paralysis (13)
 D - a wand of iceblast (4)
 E - a wand of flame (28)
Scrolls
 e - 3 scrolls of enchant weapon
 g - 3 scrolls of immolation
 p - 2 scrolls of enchant armour {unknown}
 u - 3 scrolls of teleportation
 v - a scroll of amnesia {unknown}
 w - a scroll of fog {unknown}
 B - 3 scrolls of identify
 C - a scroll of random uselessness {unknown}
 F - a scroll of blinking
Potions
 b - 4 potions of curing
 d - 3 potions of might
 h - a potion of magic {unknown}
 j - a potion of ambrosia {unknown}
 l - 3 potions of flight {unknown}
 o - 3 potions of degeneration {unknown}
 r - 3 potions of lignification {unknown}
 t - a potion of resistance {unknown}
 x - 2 potions of heal wounds {unknown}
 z - a potion of brilliance {unknown}
 A - a potion of haste {unknown}
Comestibles
 f - 17 rations
 q - 5 chunks of flesh


   Skills:
 + Level 6.3 Fighting
 * Level 12.4 Axes
 + Level 5.7 Armour
 + Level 5.8 Shields
 + Level 0.0 Invocations


You had 8 spell levels left.
You didn't know any spells.
Your spell library contained the following spells:

 Spells                   Type           Power        Failure   Level  Hunger
 Animate Skeleton         Necr           N/A          100%        1    ##.....
 Corona                   Hex            #......      100%        1    ##.....
 Pain                     Necr           #...         100%        1    ##.....
 Ensorcelled Hibernation  Hex/Ice        #.....       100%        2    ###....
 Confuse                  Hex            #.......     100%        3    ####...
 Dazzling Spray           Conj/Hex       #.....       100%        3    ####...
 Regeneration             Chrm/Necr      #.........   100%        3    ####...
 Tukima's Dance           Hex            #.......     100%        3    ####...
 Vampiric Draining        Necr           #.........   100%        3    ####...
 Animate Dead             Necr           N/A          100%        4    #####..


Dungeon Overview and Level Annotations

Branches:
Dungeon (7/15)             Temple (1/1) D:5           Sewer (visited)

Altars:
Ashenzari
Cheibriados
Dithmenos
Elyvilon
Fedhas
Gozag
Hepliaklqana
Kikubaaqudgha
Makhleb
Nemelex Xobeh
Okawaru
Qazlal
Ru
Sif Muna
Trog
Uskayaw
Vehumet
Wu Jian
Xom
Yredelemnul
Zin
The Shining One


Message History

* * * LOW HITPOINT WARNING * * *
You hit something but do no damage. Something hits you but does no damage.
Something hits you but does no damage.
You miss something. Something hits you!
* * * LOW HITPOINT WARNING * * *
You block something's attack.
You hit something but do no damage. Something hits you!
* * * LOW HITPOINT WARNING * * *
You block something's attack. Something completely misses you.
You block something's attack. Something hits you!
* * * LOW HITPOINT WARNING * * *
You feel better. Something hits you but does no damage. Something hits you.
* * * LOW HITPOINT WARNING * * *
You hit something. Something hits you.
* * * LOW HITPOINT WARNING * * *
You block something's attack. Something hits you.
You die...

######.####.###
#.##.....#
#####.##.....#
...#.##.....#
####.#.##.....#
#......##.....# #
#.##.##########
#.##.##.# ##
#..@....# ..
####.#######.####
#.##.........#
#.......#
####.#..# #.#..#
#.#.... #.#.###.
#.... ..


There were no monsters in sight!

Vanquished Creatures
  Grinder (D:5)
  Menkaure (D:7)
  Duvessa (D:7)
  A sky beast (D:7)
  A black bear (D:7)
  4 centaurs
  5 ogres
  A crocodile (Sewer)
  A bullfrog (D:6)
  Dowan (D:7)
  A scorpion (D:5)
  A howler monkey (D:4)
  3 crimson imps (D:6)
  A hound (D:5)
  3 orc priests
  2 orc wizards (D:4)
  A bullfrog skeleton (D:5)
  A centaur skeleton (D:6)
  Jessica (D:2)
  2 worker ants
  A hound skeleton (D:6)
  3 gnolls (D:5)
  8 adders
  A shadow imp (D:6)
  2 oozes
  An adder skeleton (D:5)
  12 dart slugs
  3 leopard geckos
  13 orcs
  12 bats
  4 giant cockroaches
  6 goblins
  7 hobgoblins
  18 jackals
  5 quokkas
  4 frilled lizards
  5 kobolds
  A quokka zombie (D:7)
  10 rats
149 creatures vanquished.

Notes
Turn   | Place    | Note
-------+----------+-------------------------------------------
     0 | D:1      | Elellon the Hill Orc Fighter began the quest for the Orb.
     0 | D:1      | Reached XP level 1. HP: 19/19 MP: 1/1
   122 | D:1      | Reached skill level 3 in Axes
   199 | D:1      | Reached XP level 2. HP: 26/26 MP: 2/2
   221 | D:1      | Reached skill level 4 in Axes
   447 | D:1      | Reached XP level 3. HP: 26/31 MP: 3/3
   645 | D:1      | Reached skill level 5 in Axes
   919 | D:2      | Found a basalt altar of Yredelemnul.
   961 | D:2      | Found a sacrificial altar of Ru.
  1003 | D:2      | Reached XP level 4. HP: 36/39 MP: 4/4
  1236 | D:2      | Found a stormy altar of Qazlal.
  1333 | D:2      | Noticed Jessica
  1342 | D:2      | Killed Jessica
  1342 | D:2      | Reached skill level 6 in Axes
  1676 | D:2      | Found a bloodstained altar of Trog.
  1744 | D:3      | Reached XP level 5. HP: 45/45 MP: 5/5
  2069 | D:3      | Found a glowing drain.
  2086 | Sewer    | Entered a sewer
  2098 | Sewer    | Reached skill level 7 in Axes
  2140 | Sewer    | Noticed a crocodile
  2154 | Sewer    | Killed a crocodile
  2440 | D:3      | Reached skill level 8 in Axes
  2440 | D:3      | Reached XP level 6. HP: 41/51 MP: 6/6
  3062 | D:4      | Found a shimmering altar of Xom.
  3063 | D:4      | Found a snail-covered altar of Cheibriados.
  3064 | D:4      | Found a shimmering blue altar of Sif Muna.
  3300 | D:4      | Reached skill level 9 in Axes
  3392 | D:4      | Reached XP level 7. HP: 42/57 MP: 7/7
  3539 | D:5      | Entered Level 5 of the Dungeon
  3637 | D:5      | Found a glowing golden altar of the Shining One.
  3660 | D:5      | Found a burning altar of Makhleb.
  3671 | D:5      | Reached skill level 10 in Axes
  4199 | D:5      | Reached XP level 8. HP: 43/67 MP: 8/8
  4764 | D:5      | Found a staircase to the Ecumenical Temple.
  4768 | D:5      | Noticed Grinder
  4769 | D:5      | Paralysed by Grinder for 3 turns
  4775 | Temple   | Entered the Ecumenical Temple
  5161 | Temple   | Became a worshipper of Warmaster Okawaru
  5191 | D:5      | Killed Grinder
  5310 | D:6      | Reached skill level 11 in Axes
  5326 | D:6      | Reached skill level 5 in Fighting
  5337 | D:5      | Reached * piety under Okawaru
  5700 | D:6      | Found a hide-covered altar of Uskayaw.
  5815 | D:6      | Found a shattered altar of Ashenzari.
  5824 | D:6      | Reached skill level 5 in Armour
  5824 | D:6      | Reached skill level 5 in Shields
  6122 | D:7      | Reached XP level 9. HP: 64/75 MP: 9/9
  6248 | D:7      | Noticed Duvessa
  6250 | D:7      | Reached skill level 12 in Axes
  6250 | D:7      | Noticed Dowan
  6313 | D:7      | Killed Duvessa
  6318 | D:7      | Killed Dowan
  6639 | D:7      | Noticed Menkaure
  6649 | D:7      | Killed Menkaure
  6842 | D:7      | Reached ** piety under Okawaru
  6958 | D:7      | HP: 1/77 [something (8)]
  6962 | D:7      | Slain by an unseen horror

Levels and vault maps discovered:
D:1:      minmay_arrival_pointy, layout_basic, corexii_leaking_fountain,
          minmay_pentomino_v2
D:2:      layout_basic, old_standard_altar, nicolae_qazlal_eye_of_the_storm,
          nicolae_overflow_hidden_temple, hangedman_ru_absence, first_ration,
          minmay_door_square, uniq_jessica
D:3:      layout_loops_ring, portal_sewer_entry_d
D:4:      kennysheep_slugbush, layout_loops_ring,
          chequers_temple_overflow_statue_of_worship, serial_bayou_pond_a,
          minmay_close_crescents
D:5:      layout_basic, lemuel_round_altar, minmay_temple_entry_offerings,
          kennysheep_flooded_box, uniq_grinder
D:6:      layout_rooms, kennysheep_mini_moat, cheibrodos_ashenzari_chains
D:7:      layout_loops_cross, uniq_duvessa, uniq_joseph, uniq_menkaure
Temple:   minmay_temple_forest_path

Skill      XL: |  1  2  3  4  5  6  7  8  9 |
---------------+----------------------------+-----
Axes           | 3 4 5 6 8 9 10 11 12 | 12.4
Fighting       | 4 5 6 |  6.3
Armour         | 4 5 |  5.7
Shields        | 4 5 |  5.8

Action                   |  1- 3 |  4- 6 |  7- 9 || total
-------------------------+-------+-------+-------++-------
Melee: War axe           |   128 |   174 |   237 ||   539
  Use: Scroll            |       |     9 |       ||     9
       Potion            |       |       |     1 ||     1
  Eat: Chunk             |     1 |     7 |    12 ||    20
Armor: Scale mail        |     9 |       |       ||     9
       Chain mail        |    82 |    85 |   111 ||   278
Dodge: Dodged            |    36 |    29 |    42 ||   107
Block: Shield            |    98 |    81 |    95 ||   274
